Map: 瑟拉斯废墟

Players

REBELLION - Winner!

  • Race: Protoss Protoss
  • League: Gold

shengy

  • Race: Zerg Zerg
  • League: Platinum

VOD

Have the link to the VOD?

Description

Time

  • Played on: Dec. 24, 2015, 4:54 p.m.
  • Length: 2:53
Show
View Real Time Build Order
Export as new Build Order

REBELLION Protoss - Winner!

Build Orders: Cannon Rush 

Get SALT Encoding   

  12  0:01  Probe (Chrono Boost)  
  13  0:11  Probe (Chrono Boost)  
  14  0:22  Pylon  
  14  0:26  Probe (Chrono Boost)  
  15  0:40  Forge  
  15  0:45  Probe (Chrono Boost)  
  16  1:03  Pylon  
  16  1:09  Pylon  
  16  1:10  Probe (Chrono Boost)  
  17  1:28  Photon Cannon  
  17  1:35  Photon Cannon  
  17  1:45  Photon Cannon  
  16  1:55  Probe (Chrono Boost)  
  17  2:13  Photon Cannon  
  17  2:16  Photon Cannon  
  17  2:19  Gateway  
  17  2:28  Pylon  
  18  2:30  Probe (Chrono Boost)  
  18  2:32  Assimilator  
  18  2:40  Probe (Chrono Boost)  
  19  2:51  Photon Cannon  
Show
View Real Time Build Order
Export as new Build Order

shengy Zerg 

Build Orders: Hatch First 

Get SALT Encoding   

  12  0:01  Drone  
  13  0:09  Drone  
  14  0:17  Overlord  
  16  0:35  Drone x3  
  17  0:46  Drone  
  18  0:58  Hatchery  
  18  1:01  Drone  
  18  1:31  Drone  
  18  1:32  Spawning Pool  
  18  1:55  Drone x3  
  16  2:21  Zergling x4  
  16  2:22  Zergling x4  
Tags
 
Add a new tag
Caveats
  • Supply blocks, unpowered buildings, or Contaminate may cause inaccurate times.
  • Supply counts are checked every 10 seconds.